 Dungeon Crawl Stone Soup version 0.19.0-2-gae57169 (console) character file.

125 Kloppie the Skirmisher (level 4, -1/38 HPs)
             Began as a Demonspawn Berserker on Nov 6, 2016.
             Was a Follower of Trog.
             Slain by a gnoll
             ... wielding a +0 halberd
              (10 damage)
             ... on level 2 of the Dungeon.
             The game lasted 00:02:09 (1905 turns).

Kloppie the Skirmisher (Demonspawn Berserker)       Turns: 1905, Time: 00:02:09

Health: -1/38      AC:  4    Str: 17    XL:     4   Next: 82%
Magic:  4/4        EV: 12    Int:  8    God:    Trog [*.....]
Gold:   105        SH:  0    Dex: 14    Spells: 0 memorised, 3 levels left

rFire  . . .     SeeInvis .     a - +0 mace
rCold  . . .     Gourm    .     b - +0 animal skin
rNeg   . . .     Faith    .     (no shield)
rPois  .         Spirit   .     (no helmet)
rElec  .         Reflect  .     (no cloak)
rCorr  .         Harm     .     (no gloves)
MR     ++...                    (no boots)
Stlth  +.........               (no amulet)
                                (no ring)
                                (no ring)

@: exhausted, regenerating, slowed, very slow
A: talons 1, thin metallic scales 1
a: Berserk, Burn Spellbooks, Renounce Religion


You were on level 2 of the Dungeon.
You worshipped Trog.
Trog was aware of your devotion.
You were very hungry.

You visited 1 branch of the dungeon, and saw 2 of its levels.

You collected 105 gold pieces.

Inventory:

Hand Weapons
 a - a +0 mace (weapon)
Armour
 b - a +0 animal skin (worn)
Jewellery
 p - an uncursed ring of flight {unknown}
Scrolls
 d - 2 scrolls of random uselessness {unknown}
 e - 3 scrolls of identify {unknown}
 i - a scroll of remove curse {unknown}
 m - a scroll of fear {unknown}
 o - a scroll of blinking {unknown}
Potions
 g - 2 potions of might {unknown}
 h - 2 potions of resistance {unknown}
 j - 2 potions of lignification {unknown}
 k - a potion of curing {unknown}
Comestibles
 c - 2 bread rations
 f - 2 beef jerkies
 l - 3 chunks of flesh
 n - 3 fruits


   Skills:
 + Level 4.4 Fighting
 + Level 4.1 Maces & Flails
 - Level 1.7 Armour
 - Level 1.7 Dodging


You had 3 spell levels left.
You didn't know any spells.

Dungeon Overview and Level Annotations

Branches:
Dungeon (2/15)

Altars:
Ru


Innate Abilities, Weirdness & Mutations

You have sharp toenails.
You are partially covered in thin metallic scales. (AC +2)


Message History

You are too injured to fight recklessly!
You are too injured to fight recklessly!
You are too injured to fight recklessly!
You are too injured to fight recklessly!
You are too injured to fight recklessly!
You hit the gnoll but do no damage. You claw the gnoll, but do no damage.
The gnoll barely misses you.
You hit the gnoll. Your kick misses the gnoll.
The gnoll is lightly wounded.
The gnoll closely misses you. The gnoll hits you with a halberd!
* * * LOW HITPOINT WARNING * * *
Okay, then.
Your skin crawls.
You feel resistant to hostile enchantments.
You are feeling very hungry.
You can no longer call upon Trog for regeneration and protection from hostile enchantments.
The gnoll closely misses you.
A bat comes into view.
The gnoll hits you from afar with a halberd!
You die...

...# #.# ##.# #.#
##.######### #.##
......[..... ...
##.######### #.# #
.(.......#######.# .#
#................# .!
#...####.######..##.#
##### #.# #.@)gb# #.#
#.###.# #.# #.# ..
### ### b# #### #8##
# #..##8...8 ##
#..##..... .#
#..#_..... ##.#
#.###..... #..


You could see a gnoll and a bat.

Vanquished Creatures
  2 gnolls (D:2)
  6 adders (D:2)
  A worm (D:2)
  2 dart slugs
  2 leopard geckos (D:2)
  4 bats
  A giant cockroach (D:2)
  8 goblins
  7 hobgoblins
  3 jackals (D:2)
  4 kobolds (D:1)
  2 frilled lizards (D:2)
  6 rats
48 creatures vanquished.

Notes
Turn   | Place    | Note
-------+----------+-------------------------------------------
     0 | D:1      | Kloppie the Demonspawn Berserker began the quest for the Orb.
     0 | D:1      | Reached XP level 1. HP: 18/18 MP: 1/1
   127 | D:1      | Gained mutation: You have sharp toenails. [demonic ancestry]
   127 | D:1      | Reached XP level 2. HP: 19/24 MP: 2/2
   914 | D:2      | Gained mutation: You are partially covered in thin metallic scales. (AC +2) [demonic ancestry]
   914 | D:2      | Reached XP level 3. HP: 16/29 MP: 3/3
  1214 | D:2      | Found a sacrificial altar of Ru.
  1408 | D:2      | Reached XP level 4. HP: 29/37 MP: 4/4
  1900 | D:2      | Reached ** piety under Trog
  1905 | D:2      | Slain by a gnoll

Skill      XL: |  1  2  3  4 |
---------------+-------------+-----
Maces & Flails | 3 4 |  4.1
Fighting       | 4 |  4.4
Armour         | |  1.7
Dodging        | |  1.7

Action                   |  1- 3 |  4- 6 || total
-------------------------+-------+-------++-------
Melee: Mace              |   105 |    53 ||   158
       Kick              |    18 |    12 ||    30
Invok: Berserk           |     2 |     2 ||     4
       Trog's Hand       |       |     1 ||     1
 Stab: Sleeping          |     3 |     1 ||     4
  Eat: Chunk             |     4 |     2 ||     6
Armor: Animal skin       |    25 |    14 ||    39
Dodge: Dodged            |    83 |    26 ||   109
